 Dungeon Crawl Stone Soup version 0.28-a0-1429-gf3d713df7a (webtiles) character file.

Game seed: 17110769048265421863

94 karrick the Covered (level 4, 0/29 HPs)
             Began as a Gargoyle Fighter on Jan 9, 2022.
             Slain by a ball python (3 damage)
             ... on level 2 of the Dungeon.
             The game lasted 00:02:12 (1255 turns).

karrick the Covered (Gargoyle Fighter)              Turns: 1255, Time: 00:02:13

Health: 0/29       AC: 10    Str: 20    XL:     4   Next: 63%
Magic:  4/4        EV:  9    Int: 14    God:
Gold:   0          SH:  4    Dex: 11    Spells: 3/3 levels left

rFire   . . .      SeeInvis .   a - +0 flail
rCold   . . .      Faith    .   c - +0 buckler
rNeg    + . .      Spirit   .   b - +0 scale mail
rPois   ∞          Reflect  .   (no helmet)
rElec   +          Harm     .   (no cloak)
rCorr   .          Rampage  .   (no gloves)
Will    .....                   (no boots)
Stlth   ..........              (no amulet)
HPRegen 0.09/turn               e - +6 ring of intelligence
MPRegen 0.09/turn               (no ring)

@: no status effects
A: sickness immunity, AC +3, negative energy resistance 1, electricity
resistance, torment resistance 1, petrification resistance
a: no special abilities


You were on level 2 of the Dungeon.
You visited 1 branch of the dungeon, and saw 3 of its levels.

Inventory:

Hand Weapons
 a - a +0 flail (weapon)
Armour
 b - a +0 scale mail (worn)
 c - a +0 buckler (worn)
Jewellery
 e - a +6 ring of intelligence (left hand)
Scrolls
 f - 3 scrolls of teleportation {unknown}
 g - a scroll of amnesia {unknown}
Potions
 d - 3 potions of might
 h - a potion of brilliance {unknown}


   Skills:
 + Level 3.7 Fighting
 + Level 3.4 Maces & Flails
 + Level 3.9 Armour
 + Level 0.7 Dodging
 + Level 0.2 Stealth
 + Level 3.6 Shields


You had 3 spell levels left.
You didn't know any spells.
Your spell library contained the following spells:

 Spells                   Type           Power      Damage    Failure   Level
 Slow                     Hex            0%         N/A       71%         1
 Confusing Touch          Hex            0%         N/A       97%         3
 Vampiric Draining        Necr           0%         2d6       97%         3


Dungeon Overview and Level Annotations

Branches:
Dungeon (3/15)

Altars:
Xom
Zin

Annotations:
D:2 1 runed translucent door, Crazy Yiuf, Sigmund


Innate Abilities, Weirdness & Mutations

You are immune to sickness and miasma.
Your stone body is resilient. (AC +3)
You are immune to poison.
You resist negative energy. (rN+)
You are resistant to electric shocks. (rElec)
You are resistant to unholy torment.
You are immune to petrification.


Message History

The worm is heavily wounded.
You thump the worm!
The worm is almost dead.
The worm bites you but does no damage.
You hit the worm.
The worm is almost dead.
The worm bites you.
* * * LOW HITPOINT WARNING * * *
You hit the worm.
You kill the worm!
A kobold comes into view. It is wielding a +0 club.
There is an open door here.
There is a stone staircase leading up here.
You climb upwards.
Level annotation: 1 runed translucent door, Crazy Yiuf, Sigmund The ball python hisses angrily.
The ball python closely misses you. The ball python barely misses you.
The ball python bites you but does no damage.
The ball python grabs you. The ball python constricts you.
There is a stone staircase leading down here.
Unknown command.
You escape the ball python's grasp.
The kobold hits you with a +0 dagger.
* * * LOW HITPOINT WARNING * * *
You block the kobold's attack.
You closely miss the ball python.
The ball python bites you but does no damage.
You block the ball python's attack. The ball python misses you.
The ball python barely misses you.
You hit the ball python.
The ball python is moderately wounded.
The ball python barely misses you. You block the ball python's attack.
You barely miss the ball python.
The ball python is moderately wounded.
The ball python bites you but does no damage.
The ball python barely misses you. The ball python closely misses you.
You block the ball python's attack.
You barely miss the ball python.
The ball python is moderately wounded.
The ball python bites you.
You die...

###...P..†....# ..
.. .....PPPP.P##..#
[#.#
####.♣♣♣P..##..# #.
...# ##)P..P♣.###..#
#.# #..
####........# ..#
#.# #.#
.....P.♣..### ..#
#.######.#
####.♣..♣.# #.#
#.#......# #...♣♣♣.#
#.# #....##..#
###..♣♣ ..# #@#
##.....#@.###
...#..♣ ..# #S#
#............
##.......## ##K##
#.........##.
#.#...###
##...###.........#
#.#####
#...>.###.....#.##
#.# #.....#
##...##.###. #.#
#.....#####.###<....
..#
##..................
###
###........###.####


You could see a ball python and a kobold.

Vanquished Creatures
  A scorpion (D:3)
  A worm (D:3)
  A dart slug (D:1)
  5 ball pythons
  3 bats (D:1)
  3 endoplasms (D:1)
  A goblin (D:1)
  2 hobgoblins (D:1)
  2 jackals (D:1)
  A kobold (D:2)
  5 frilled lizards
  3 rats
28 creatures vanquished.

Vanquished Creatures (others)
  7 plants (D:2)
7 creatures vanquished.

Grand Total: 35 creatures vanquished

Notes
Turn   | Place    | Note
-------+----------+-------------------------------------------
     0 | D:1      | karrick the Gargoyle Fighter began the quest for the Orb.
     0 | D:1      | Reached XP level 1. HP: 14/14 MP: 1/1
   253 | D:1      | Reached XP level 2. HP: 18/19 MP: 2/2
   609 | D:1      | Found a shimmering altar of Xom.
   711 | D:1      | Reached XP level 3. HP: 16/23 MP: 3/3
   930 | D:2      | Noticed Sigmund
   931 | D:2      | Found a glowing silver altar of Zin.
  1053 | D:2      | Found a runed translucent door.
  1054 | D:2      | Noticed Crazy Yiuf
  1189 | D:3      | Noticed a scorpion
  1204 | D:3      | Killed a scorpion
  1205 | D:3      | Reached XP level 4. HP: 12/29 MP: 4/4
  1214 | D:3      | HP: 1/29 [worm (4)]
  1255 | D:2      | Slain by a ball python

Illustrated notes

Levels and vault maps discovered:
D:1:      sevenhm_arrival_forest_fort_small_6, layout_basic, serial_curves,
          eino_curves_03, eino_curves_04
D:2:      layout_loops_ring, serial_forest, infiniplex_forest_lined_ring,
          infiniplex_forest_straight_2, infiniplex_forest_lined_1,
          infiniplex_forest_end_1, infiniplex_forest_clump_medium,
          infiniplex_forest_join, infiniplex_forest_clump_tiny,
          infiniplex_forest_clump_double, basic_altar,
          ebering_ecumenical_altar_petrified, minmay_quantized, uniq_sigmund,
          uniq_natasha, uniq_crazy_yiuf_cottage, uniq_jessica
D:3:      layout_rooms, grunt_ministairs_13

Skill      XL: |  1  2  3 |
---------------+----------+-----
Maces & Flails | 3 |  3.4
Fighting       | |  3.7
Armour         | |  3.9
Dodging        | |  0.7
Stealth        | |  0.2
Shields        | |  3.6

Action                   |  1- 3 |  4- 6 || total
-------------------------+-------+-------++-------
Melee: Flail             |    81 |    14 ||    95
Armor: Scale mail        |    56 |     5 ||    61
Dodge: Dodged            |    54 |     7 ||    61
Block: Buckler           |    26 |     5 ||    31

Table legend: (Time is in decaauts)
 A = Elapsed time spent in this place.
 B = Non-inter-level travel time spent in this place.
 C = Inter-level travel time spent in this place.
 D = Time resting spent in this place.
 E = Time spent auto-exploring this place.
 F = Levels seen in this place.
 G = Mean time per level.
                   A        B        C        D        E       F      G
               +--------+--------+--------+--------+--------+-----+--------+
         Total |   1284 |   1249 |     35 |      0 |    961 |   3 |  428.0 |
       Dungeon |   1284 |   1249 |     35 |      0 |    961 |   3 |  428.0 |
               +--------+--------+--------+--------+--------+-----+--------+

Top non-repeatable levels by time:
     D:1: 951 daAuts
     D:2: 272 daAuts
     D:3: 61 daAuts
